cohdb
Replays
Latest Replays
All Replays
Popular Replays
Top Player Replays
Match Explorer
How It Works
Community
CoH3 Stats
Reddit
Sign in to upload your games and track your stats! →
Sign in with Steam
Match 27650685
Unlisted
Match 27650685
Overview
Messages
Build Orders
End
Construct Section Command Post
Infantry Section
Vickers Machine Gun Team
Dingo Light Scout Car
Infantry Section
Selects Australian Defense Battlegroup
Construct Platoon Command Post
Humber Armored Car
6-pounder Anti-tank Gun Team
Royal Engineer Section
Selects CMP 15cwt Supply Run
Selects Reinforced Resource Caches
Construct Company Command Post
Royal Engineer Section
Matilda II Heavy Tank
Construct Field Infirmary
Vickers Machine Gun Team
Infantry Section
Matilda II Heavy Tank
ML 3-inch Mortar Team
Selects Charged Creeping Barrage
Selects Australian Light Infantry Section
Selects Defensive Tactics
Infantry Training
Grenade Package
CMP 15cwt Truck
Charged Creeping Barrage
Royal Engineer Section
Matilda II Heavy Tank
neurotypical cattle
Friendly Mouse(Poxie)
ShadyBull
MonkeyBandit
Limited_Edition
[TSA]Badcompani2
WHO'SMaTr!x
Father of Frogs
0
0
Comments
sign in to comment!
No comments posted yet!